 Dungeon Crawl Stone Soup version 0.29-a0-813-g4a14ea37d6 (webtiles) character file.

Game seed: 1792594059371203846

3827 123456 the Geomancer (level 9, -5/62 HPs)
             Began as a Yellow Draconian Earth Elementalist on July 4, 2022.
             Killed from afar by an electric eel (13 damage)
             ... with a bolt of electricity
             ... on level 8 of the Dungeon.
             The game lasted 00:14:45 (11057 turns).

123456 the Geomancer (DrEE)                        Turns: 11057, Time: 00:14:45

Health: -5/62      AC: 13    Str: 10    XL:     9   Next: 97%
Magic:  15/21      EV: 17    Int: 27    God:
Gold:   225        SH:  5    Dex: 11    Spells: 18/24 levels left

rFire   . . .      SeeInvis .   C - +3 dagger (protect)
rCold   + . .      Faith    .   (no shield)
rNeg    . . .      Spirit   .   (body armour unavailable)
rPois   .          Reflect  +   I - +1 hat
rElec   .          Harm     .   t - +1 cloak
rCorr   +          Rampage  .   o - +2 pair of gloves
Will    .....                   (no boots)
Stlth   ++........              c - amulet of reflection
HPRegen 0.20/turn               l - +4 ring of evasion
MPRegen 0.17/turn               y - ring of Megalomania {rC+ Int+6}

@: no status effects
A: spit acid, AC +7, unfitting armour, cold-blooded, acid resistance
a: Breathe Acid


You were on level 8 of the Dungeon.
You visited 2 branches of the dungeon, and saw 9 of its levels.
You also visited: Ossuary.

You collected 365 gold pieces.
You spent 140 gold pieces at shops.

Inventory:

Hand Weapons
 C - a +3 dagger of protection (weapon)
Missiles
 m - 3 throwing nets
Armour
 o - a +2 pair of gloves (worn)
 t - a +1 cloak (worn)
 I - a +1 hat (worn)
Jewellery
 c - an amulet of reflection (around neck)
 g - a +4 ring of slaying
 l - a +4 ring of evasion (left hand)
 p - a ring of fire
 y - the ring of Megalomania (right hand) {rC+ Int+6}
   (You found it on level 4 of the Dungeon)

   [ring of intelligence]

   Int:       It affects your intelligence (+6).
   rC:        It protects you from cold.
Wands
 d - a wand of charming (7)
 j - a wand of digging (6)
 v - a wand of flame (30)
 G - a wand of roots (11)
 H - a wand of acid (6)
Scrolls
 h - 5 scrolls of vulnerability
 n - a scroll of fear
 q - 2 scrolls of amnesia
 r - a scroll of noise
 s - 3 scrolls of teleportation
 u - a scroll of summoning
 w - 3 scrolls of blinking
 x - 2 scrolls of immolation
 A - a scroll of enchant armour
Potions
 a - 2 potions of magic
 b - 4 potions of brilliance
 e - 4 potions of attraction
 f - 4 potions of resistance
 i - a potion of might
 k - 2 potions of heal wounds {unknown}
 z - 5 potions of curing
 B - a potion of lignification
 D - 3 potions of flight
 E - 2 potions of invisibility {unknown}
 F - 4 potions of mutation {unknown}


   Skills:
 - Level 4.0 Dodging
 - Level 4.0 Stealth
 * Level 8.1 Spellcasting
 + Level 5.5 Conjurations
 - Level 1.0 Transmutations
 * Level 9.0 Earth Magic


You had 18 spell levels left.
You knew the following spells:

 Your Spells              Type           Power      Damage    Failure   Level
a - Sandblast             Erth           100%       2d20      1%          1
b - Stone Arrow           Conj/Erth      100%       3d13      1%          3
c - Poisonous Vapours     Pois/Air       20%        N/A       8%          2

Your spell library contained the following spells:

 Spells                   Type           Power      Damage    Failure   Level
 Passwall                 Tmut/Erth      31%        N/A       1%          2
 Wereblood                Tmut           16%        N/A       5%          2
 Petrify                  Tmut/Erth      38%        N/A       7%          4
 Blink                    Tloc           20%        N/A       8%          2
 Ensorcelled Hibernation  Hex/Ice        20%        N/A       8%          2
 Sublimation of Blood     Necr           10%        N/A       8%          2
 Lesser Beckoning         Tloc           10%        N/A       16%         3
 Swiftness                Air            10%        N/A       16%         3
 Corpse Rot               Necr/Pois/Air  10%        N/A       45%         4
 Manifold Assault         Tloc           10%        N/A       82%         5
 Summon Hydra             Summ           5%         N/A       100%        7


Dungeon Overview and Level Annotations

Branches:
Dungeon (8/15)             Temple (1/1) D:7         Ossuary (visited)
   Lair: D:8-11

Altars:
Ashenzari
Cheibriados
Dithmenos
Elyvilon
Fedhas
Gozag
Hepliaklqana
Kikubaaqudgha
Makhleb
Nemelex Xobeh
Okawaru
Qazlal
Ru
Sif Muna
Trog
Uskayaw
Wu Jian
Xom
Yredelemnul
Zin
The Shining One

Shops:
D:2 [[   D:7 [![


Innate Abilities, Weirdness & Mutations

You can spit globs of acid.
Your golden yellow scales are hard. (AC +7)
You cannot fit into any form of body armour.
You are cold-blooded and may be slowed by cold attacks.
You are resistant to acid. (rCorr)


Message History

The kobold brigand hits you but does no damage.
The electric eel shoots out a bolt of lightning at you!
The bolt of electricity hits you! The kobold brigand misses you.
The kobold shouts!
There is a stone staircase leading up, spattered with blood here.
Casting: Stone Arrow (safe; 1% risk of failure)
Confirm with . or Enter, or press ? or * to list all spells.
Aiming: Stone Arrow (safe; 1% risk of failure)
Press: ? - help, Shift-Dir - straight line, f - kobold brigand
Aim: a kobold brigand, wielding a +0 dagger and quivering poisoned darts (72% to hit)
The stone arrow hits the kobold brigand!!
The kobold brigand is almost dead.
You hear a shout! x2
An electric eel comes into view.
The electric eel shoots out a bolt of lightning at you!
The bolt of electricity hits you.
The kobold brigand hits you with a +0 dagger.
The kobold throws a stone.
The stone misses you.
Casting: Stone Arrow (safe; 1% risk of failure)
Confirm with . or Enter, or press ? or * to list all spells.
Aiming: Stone Arrow (safe; 1% risk of failure)
Press: ? - help, Shift-Dir - straight line, f/p - kobold brigand
Aim: a kobold brigand, wielding a +0 dagger and quivering poisoned darts (almost dead, 72% to hit)
The stone arrow hits the kobold brigand!!
You kill the kobold brigand!
The electric eel shoots out a bolt of lightning at you!
The bolt of electricity hits you!
The electric eel shoots out a bolt of lightning at you!
The bolt of electricity hits you.
* * * LOW HITPOINT WARNING * * *
The kobold throws a stone.
You reflect the stone off an invisible shield around you!
The stone closely misses the kobold.
Unknown command.
The electric eel shoots out a bolt of lightning at you!
The bolt of electricity hits you!
* * * LOW HITPOINT WARNING * * *
The electric eel shoots out a bolt of lightning at you!
The bolt of electricity hits you!
You die...

# .# ...
#######...# .
#..........
....#.)....#
.......@...#
......))......#
..≈..S...)....#
≈≈≈..S)........
≈≈≈≈≈≈.K..#....
.≈≈≈≈.≈.......#
≈..≈≈≈....#...#
..≈≈≈.S≈≈.....#


You could see 3 electric eels and a kobold.

Vanquished Creatures
  A troll (D:7)
  Prince Ribbit (D:7)
  A wyvern (D:7)
  A steam dragon (D:8)
  An ice beast (D:7)
  A sky beast (D:7)
  A black bear (D:6)
  An orc warrior (D:6)
  3 ogres
  5 wolves (D:7)
  A phantom (D:5)
  A centaur (D:7)
  2 kobold brigands
  A necrophage (D:6)
  A gnoll sergeant (D:6)
  9 scorpions
  2 centaur zombies (Ossuary)
  7 hounds
  A human zombie (Ossuary)
  Crazy Yiuf (D:7)
  3 jellies
  Ijyb (D:3)
  4 iguanas (D:6)
  5 scorpion zombies (Ossuary)
  Natasha (thrice) (D:3)
  3 orc wizards
  3 mummies (Ossuary)
  10 gnolls
  6 adders
  2 white imps (D:7)
  4 worms
  3 dart slugs
  28 orcs
  6 ball pythons
  6 endoplasms
  2 giant cockroaches (D:3)
  A gnoll zombie (Ossuary)
  9 goblins
  9 hobgoblins
  15 jackals
  8 kobolds
  6 quokkas
  5 bats
  4 frilled lizards
  4 hobgoblin zombies (Ossuary)
  2 kobold zombies (Ossuary)
  2 orc zombies (Ossuary)
  2 rats
198 creatures vanquished.

Vanquished Creatures (others)
  2 kobolds (D:8)
2 creatures vanquished.

Grand Total: 200 creatures vanquished

Notes
Turn   | Place    | Note
-------+----------+-------------------------------------------
     0 | D:1      | 123456 the Draconian Earth Elementalist began the quest for
                  | the Orb.
     0 | D:1      | Reached XP level 1. HP: 14/14 MP: 3/3
     3 | D:1      | Noticed an electric eel
     4 | D:1      | Noticed an electric eel
   644 | D:1      | Reached XP level 2. HP: 20/20 MP: 0/5
  1424 | D:2      | Found Deennut's Armour Emporium.
  1585 | D:2      | Reached XP level 3. HP: 26/26 MP: 4/6
  1589 | D:2      | Learned a level 3 spell: Stone Arrow
  1670 | D:2      | Found Wyzxexod's Antique Armour Emporium.
  1928 | D:2      | Found a faded altar of an unknown god.
  3064 | D:3      | Reached XP level 4. HP: 33/33 MP: 6/8
  3383 | D:3      | Noticed Ijyb
  3388 | D:3      | Killed Ijyb
  3686 | D:3      | Learned a level 2 spell: Poisonous Vapours
  3732 | D:3      | Noticed Natasha
  3737 | D:3      | Killed Natasha
  3738 | D:3      | Reached skill level 4 in Earth Magic
  3738 | D:3      | Reached XP level 5. HP: 33/38 MP: 6/9
  3867 | D:3      | Noticed Natasha
  3871 | D:3      | Killed Natasha
  4145 | D:4      | Found a snail-covered altar of Cheibriados.
  4605 | D:4      | Identified the ring of Megalomania {rC+ Int+6}
  5022 | D:5      | Entered Level 5 of the Dungeon
  5030 | D:5      | Found a hazy altar of Hepliaklqana.
  5041 | D:5      | Noticed an ogre
  5046 | D:5      | Killed an ogre
  5047 | D:5      | Reached skill level 1 in Conjurations
  5047 | D:5      | Reached XP level 6. HP: 45/45 MP: 3/11
  5350 | D:5      | Found a sparkling altar of Nemelex Xobeh.
  5636 | D:5      | Your scales start taking on a golden yellow colour.
  5636 | D:5      | Reached XP level 7. HP: 50/50 MP: 6/13
  5636 | D:5      | Gained mutation: You are resistant to acid. (rCorr) [Yellow
                  | Draconian growth]
  5796 | D:5      | Found a shimmering altar of Xom.
  5966 | D:6      | Reached skill level 5 in Earth Magic
  6082 | D:6      | Found a sand-covered staircase.
  6087 | Ossuary  | Entered an ossuary
  6361 | Ossuary  | Reached skill level 5 in Spellcasting
  6449 | Ossuary  | Reached XP level 8. HP: 56/57 MP: 11/15
  6561 | Ossuary  | Reached skill level 6 in Earth Magic
  7869 | D:6      | Reached skill level 7 in Earth Magic
  8351 | D:8      | Reached XP level 9. HP: 18/62 MP: 0/18
  8866 | D:7      | Found Diurugum's Distillery.
  8878 | D:7      | Found a staircase to the Ecumenical Temple.
  8888 | Temple   | Entered the Ecumenical Temple
  8967 | D:7      | Found Nulisch's Armour Shoppe.
  9068 | D:7      | Found a runed translucent door.
  9069 | D:7      | Noticed Crazy Yiuf
  9081 | D:7      | Killed Crazy Yiuf
  9374 | D:7      | Reached skill level 8 in Earth Magic
  9542 | D:7      | Found a burning altar of Makhleb.
  9545 | D:7      | Found a shimmering blue altar of Sif Muna.
  9549 | D:7      | Found a glowing golden altar of the Shining One.
  9549 | D:7      | Found a hide-covered altar of Uskayaw.
  9551 | D:7      | Found a broken altar of Ashenzari.
  9554 | D:7      | Found a stormy altar of Qazlal.
  9618 | D:7      | Found Myjuimpe's Antique Armour Shoppe.
  9717 | D:3      | Noticed Natasha
  9719 | D:3      | Killed Natasha
  9800 | D:2      | Bought a runed hat for 140 gold pieces
 10115 | D:7      | Noticed Prince Ribbit
 10123 | D:7      | Killed Prince Ribbit
 10223 | D:7      | Reached skill level 5 in Conjurations
 10556 | D:8      | Noticed a troll
 10576 | D:7      | Killed a troll
 10922 | D:7      | Reached skill level 9 in Earth Magic
 11057 | D:8      | Killed from afar by an electric eel

Illustrated notes

Levels and vault maps discovered:
D:1:      arrival_aquarium_b, layout_loops_ring, st_stairs_14
D:2:      minmay_razor_zed, layout_basic, serial_shops, nicolae_diamond_shop,
          shop, hellmonk_ecumenical_altar_leap_of_faith
D:3:      layout_basic, uniq_natasha, uniq_ijyb
D:4:      layout_loops_corners, kennysheep_slug_shrine
D:5:      layout_cave_pools, mainiacjoe_overflow_six_doors_small,
          mainiacjoe_overflow_catwalk_spiral, corexii_checkpoint_a
D:6:      layout_cave_pods, enter_ossuary_5
D:7:      layout_gridville, minitemple, minmay_temple_entry_junction,
          enter_bailey_3, serial_shops, nicolae_shop_trees,
          nicolae_shop_advertising_works [nicolae_subvault_shop_adworks],
          nicolae_shop_stone, hangedman_decor_peaks_small, uniq_prince_ribbit1,
          uniq_crazy_yiuf_cottage
D:8:      layout_basic, erik_lair_island, dk_vineyard_3
Temple:   nicolae_temple_ecumenical_triangle

Skill      XL: |  1  2  3  4  5  6  7  8  9 |
---------------+----------------------------+-----
Stealth        | 2 3 4 |  4.0
Dodging        | 2 3 4 |  4.0
Spellcasting   | 3 4 5 6 8 |  8.1
Earth Magic    | 4 5 7 9 |  9.0
Conjurations   | 1 2 4 5 |  5.5
Transmutations | |  1.0

Action                   |  1- 3 |  4- 6 |  7- 9 || total
-------------------------+-------+-------+-------++-------
Melee: Unarmed           |    22 |       |       ||    22
       Tailslap          |     5 |       |     6 ||    11
       Short sword       |     9 |    11 |       ||    20
       Dagger            |       |     2 |    29 ||    31
 Cast: Sandblast         |    63 |    74 |   161 ||   298
       Stone Arrow       |     3 |     8 |    56 ||    67
       Poisonous Vapours |       |     1 |     2 ||     3
 Abil: Breathe Acid      |       |       |     1 ||     1
  Use: Scroll            |     9 |     5 |     7 ||    21
Armor: Skin              |    18 |    15 |    99 ||   132
Dodge: Dodged            |    42 |    59 |   258 ||   359
Block: Other             |    23 |    14 |    90 ||   127
       Reflection        |     1 |     1 |     1 ||     3

Table legend: (Time is in decaauts)
 A = Elapsed time spent in this place.
 B = Non-inter-level travel time spent in this place.
 C = Inter-level travel time spent in this place.
 D = Time resting spent in this place.
 E = Time spent auto-exploring this place.
 F = Levels seen in this place.
 G = Mean time per level.
                   A        B        C        D        E       F      G
               +--------+--------+--------+--------+--------+-----+--------+
         Total |  11375 |  10796 |    579 |   2301 |   6909 |  10 | 1137.5 |
       Dungeon |  10283 |   9704 |    579 |   2033 |   6398 |   8 | 1285.4 |
        Temple |     66 |     66 |      0 |      0 |     35 |   1 |   66.0 |
       Ossuary |   1025 |   1025 |      0 |    268 |    476 |   1 | 1025.0 |
               +--------+--------+--------+--------+--------+-----+--------+

Top non-repeatable levels by time:
     D:7: 1971 daAuts
     D:6: 1814 daAuts
     D:2: 1656 daAuts
     D:1: 1408 daAuts
     D:3: 1219 daAuts
     D:4: 1146 daAuts
 Ossuary: 1025 daAuts
     D:5: 991 daAuts
     D:8: 76 daAuts
  Temple: 66 daAuts
